 Dungeon Crawl Stone Soup version 0.23-a0-767-gdc19b93d68 (webtiles) character file.

2783 KapersCrawl the Cutter (level 9, 0/71 HPs)
             Began as a Gnoll Wanderer on Jan 21, 2019.
             Was an Initiate of Ashenzari.
             Succumbed to a hornet's poison
             ... on level 7 of the Dungeon on Jan 22, 2019.
             The game lasted 00:30:07 (9385 turns).

KapersCrawl the Cutter (Gnoll Wanderer)             Turns: 9385, Time: 00:30:07

Health: 0/71       AC:  9    Str: 14    XL:     9   Next: 70%
Magic:  16/16      EV: 14    Int: 17    God:    Ashenzari [......]
Gold:   321        SH:  0    Dex: 18    Spells: 17/18 levels left

rFire    + . .     SeeInvis .   B - +2 spear (flame)
rCold    . . .     Gourm    .   (no shield)
rNeg     . . .     Faith    .   n - +2 ring mail {rF+}
rPois    .         Spirit   .   j - -2 helmet (curse)
rElec    .         Reflect  .   (no cloak)
rCorr    .         Harm     .   (no gloves)
MR       .....                  y - +1 pair of boots (curse)
Stlth    ++++......             v - amulet of rage
HPRegen  0.21/turn              m - ring of stealth (curse)
MPRegen  0.15/turn              o - +2 ring of intelligence

@: lethally poisoned (0 -> -15), slowed, drained, very slow
A: distributed training, fangs 1, strong nose
a: Curse Item, Renounce Religion, Evoke Berserk Rage


You were on level 7 of the Dungeon.
You worshipped Ashenzari.
Ashenzari was noncommittal.
You were hungry.

You visited 2 branches of the dungeon, and saw 9 of its levels.

You collected 321 gold pieces.

Inventory:

Hand Weapons
 a - a +0 rapier
 e - a +0 blowgun
 q - a +0 fustibalus
 w - a +1 dagger of venom
 B - a +2 spear of flaming (weapon)
Missiles
 d - 2 tomahawks
 k - 213 stones (quivered)
 u - 4 javelins of returning
 H - a poisoned needle
Armour
 j - a cursed -2 helmet (worn)
 n - a +2 ring mail of fire resistance (worn)
 y - a cursed +1 pair of boots (worn)
 E - a +0 shield
Jewellery
 g - an uncursed ring of positive energy
 m - a cursed ring of stealth (left hand)
 o - a +2 ring of intelligence (right hand)
 v - an amulet of rage (around neck)
 z - an uncursed ring of ice
Scrolls
 p - a scroll of identify
 s - 3 scrolls of enchant armour
 t - 2 scrolls of magic mapping
 C - 2 scrolls of immolation {unknown}
 I - a scroll of amnesia {unknown}
Potions
 b - a potion of lignification
 c - a potion of curing
 h - a potion of invisibility
 l - 2 potions of heal wounds
 x - a potion of degeneration
 F - 2 potions of flight
Comestibles
 f - 7 rations


   Skills:
 + Level 6.4(6.1) Fighting
 + Level 6.4(6.1) Short Blades
 + Level 4.4(4.1) Long Blades
 + Level 4.4(4.1) Axes
 + Level 4.4(4.1) Maces & Flails
 + Level 4.4(4.1) Polearms
 + Level 4.4(4.1) Staves
 + Level 4.4(4.1) Slings
 + Level 4.4(4.1) Bows
 + Level 4.4(4.1) Crossbows
 + Level 4.4(4.1) Throwing
 + Level 4.4(4.1) Armour
 + Level 5.2(4.9) Dodging
 + Level 6.1(5.9) Stealth
 + Level 4.4(4.1) Shields
 + Level 4.4(4.1) Unarmed Combat
 + Level 5.3(5.0) Spellcasting
 + Level 3.6(3.3) Conjurations
 + Level 3.6(3.3) Hexes
 + Level 3.6(3.3) Charms
 + Level 3.6(3.3) Summonings
 + Level 3.6(3.3) Necromancy
 + Level 3.6(3.3) Translocations
 + Level 3.6(3.3) Transmutations
 + Level 5.3(5.0) Fire Magic
 + Level 3.6(3.3) Ice Magic
 + Level 3.6(3.3) Air Magic
 + Level 3.6(3.3) Earth Magic
 + Level 3.6(3.3) Poison Magic
 + Level 4.9(4.6) Invocations
 + Level 4.4(4.1) Evocations


You had 17 spell levels left.
You knew the following spells:

 Your Spells              Type           Power        Failure   Level  Hunger
a - Confusing Touch       Hex            ###...       7%          1    None

Your spell library contained the following spells:

 Spells                   Type           Power        Failure   Level  Hunger
 Confuse                  Hex            ###.....     21%         3    ###....
 Gell's Gravitas          Tloc           ###.......   21%         3    ###....
 Petrify                  Tmut/Erth      ###.....     56%         4    ####...
 Metabolic Englaciation   Hex/Ice        ###.......   88%         5    ######.
 Yara's Violent Unravell  Hex/Tmut       ###.......   88%         5    ######.


Dungeon Overview and Level Annotations

Branches:
Dungeon (8/15)             Temple (1/1) D:5
   Lair: D:8-11

Altars:
Ashenzari
Cheibriados
Dithmenos
Elyvilon
Fedhas
Gozag
Hepliaklqana
Kikubaaqudgha
Makhleb
Nemelex Xobeh
Okawaru
Qazlal
Ru
Sif Muna
Trog
Uskayaw
Vehumet
Wu Jian
Xom
Yredelemnul
Zin
The Shining One

Shops:
D:5 [   D:6 (!?[

Annotations:
D:5 exclusion: downstairs
D:7 Menkaure


Innate Abilities, Weirdness & Mutations

Your experience applies equally to all skills.
You have very sharp teeth.
Your uncanny sense of smell can sniff out nearby items.


Message History

You feel sick. The hornet stings you!
* * * LOW HITPOINT WARNING * * *
You are more poisoned.
You feel as though you will be slow longer.
The wight hits you but does no damage.
The hornet stings you but does no damage.
You can move again.
Press: ? - help, v - describe, . - travel
Here: a hornet The floor.
As you read the scroll labeled QEGAYRCHAUNK, it crumbles to dust.
You assume a fearsome visage.
The wight is unaffected.
The hornet looks frightened!
It was a scroll of fear.
* * * LOW HITPOINT WARNING * * *
You feel very sick. The wight barely misses you.
As you read the scroll labeled CUMIRU GALUCE, it crumbles to dust.
You hear a loud clanging noise!
It was a scroll of noise.
You die...

#..>.....# #.# #.#
#.##.###.# #.# #.#
#.##.# #.# #.# #)#
#.##.# #.# #.# #<#
#.##.###[# #.# #.#
#........# #.# #.#
#.##.##..#########.#
#.#
#.#...#..........#.#
#.#
#......#@#######W#.#
#.# ##......z.#
#e#.# #.#
#........># #.#.#
#.# ##......y##
##J#.# #.#
#......########....#
#># #.#...##
#.........# #.#
#.##.## #.####...##
##.. #.##.# #.#
##.## #... #.##.#
#.# #.#.# #.##


You could see a hornet (fleeing) and a wight.

Vanquished Creatures
  Prince Ribbit (D:7)
  Duvessa (D:7)
  2 orc warriors
  A sky beast (D:7)
  A phantom (D:7)
  2 ogres
  3 centaurs
  3 bullfrogs
  A gnoll sergeant (D:5)
  Dowan (D:7)
  A scorpion (D:5)
  A wyvern skeleton (D:6)
  3 killer bees (D:7)
  2 howler monkeys
  5 crimson imps
  A jelly (D:7)
  A quasit (D:7)
  A centaur zombie (D:5)
  5 hounds
  4 orc wizards
  An orc priest (D:6)
  A bullfrog skeleton (D:7)
  3 iguanas
  5 worker ants
  2 hound skeletons (D:7)
  3 gnolls (D:6)
  A howler monkey zombie (D:6)
  13 adders
  2 shadow imps
  3 worms (D:3)
  3 dart slugs
  4 leopard geckos
  22 orcs
  5 bats
  8 giant cockroaches
  7 goblins
  6 hobgoblins
  5 jackals
  4 kobolds
  2 quokkas
  3 ball pythons
  3 frilled lizards
  A leopard gecko skeleton (D:4)
  A quokka zombie (D:6)
  6 rats
154 creatures vanquished.

Notes
Turn   | Place    | Note
-------+----------+-------------------------------------------
     0 | D:1      | KapersCrawl the Gnoll Wanderer began the quest for the Orb.
     0 | D:1      | KapersCrawl set off with the following items: a +2 short
                  | sword, a potion of lignification, a potion of curing, a +0
                  | robe, a +0 dagger, a ration
     0 | D:1      | Reached XP level 1. HP: 20/20 MP: 4/4
   237 | D:1      | Reached XP level 2. HP: 26/26 MP: 5/5
   904 | D:2      | Reached XP level 3. HP: 31/31 MP: 7/7
  1233 | D:2      | Reached skill level 1 in Invocations
  1681 | D:3      | Reached skill level 1 in Long Blades
  1681 | D:3      | Reached skill level 1 in Axes
  1681 | D:3      | Reached skill level 1 in Maces & Flails
  1681 | D:3      | Reached skill level 1 in Polearms
  1681 | D:3      | Reached skill level 1 in Staves
  1681 | D:3      | Reached skill level 1 in Slings
  1681 | D:3      | Reached skill level 1 in Bows
  1681 | D:3      | Reached skill level 1 in Crossbows
  1681 | D:3      | Reached skill level 1 in Throwing
  1681 | D:3      | Reached skill level 1 in Armour
  1681 | D:3      | Reached skill level 1 in Shields
  1681 | D:3      | Reached skill level 1 in Unarmed Combat
  1681 | D:3      | Reached skill level 1 in Evocations
  1698 | D:3      | Reached XP level 4. HP: 36/38 MP: 8/8
  2192 | D:3      | Found a hazy altar of Hepliaklqana.
  2227 | D:3      | Reached skill level 1 in Conjurations
  2227 | D:3      | Reached skill level 1 in Hexes
  2227 | D:3      | Reached skill level 1 in Charms
  2227 | D:3      | Reached skill level 1 in Summonings
  2227 | D:3      | Reached skill level 1 in Necromancy
  2227 | D:3      | Reached skill level 1 in Translocations
  2227 | D:3      | Reached skill level 1 in Transmutations
  2227 | D:3      | Reached skill level 1 in Ice Magic
  2227 | D:3      | Reached skill level 1 in Air Magic
  2227 | D:3      | Reached skill level 1 in Earth Magic
  2227 | D:3      | Reached skill level 1 in Poison Magic
  2385 | D:3      | Found an ancient bone altar of Kikubaaqudgha.
  2813 | D:3      | Reached XP level 5. HP: 43/43 MP: 9/9
  3024 | D:4      | Found a burning altar of Makhleb.
  3024 | D:4      | Found a shimmering altar of Xom.
  3142 | D:4      | Found a white marble altar of Elyvilon.
  3154 | D:4      | Found a shadowy altar of Dithmenos.
  3223 | D:4      | Reached XP level 6. HP: 50/50 MP: 9/11
  3792 | D:5      | Entered Level 5 of the Dungeon
  3856 | D:5      | Found Piogefeo's Antique Armour Boutique.
  3912 | D:5      | Reached skill level 5 in Fighting
  3912 | D:5      | Reached skill level 5 in Short Blades
  4050 | D:5      | Reached XP level 7. HP: 56/56 MP: 12/12
  4453 | D:5      | Found a staircase to the Ecumenical Temple.
  4572 | Temple   | Entered the Ecumenical Temple
  4655 | Temple   | Became a worshipper of Ashenzari the Shackled
  4801 | D:5      | Found a bloodstained altar of Trog.
  4824 | D:5      | Reached skill level 5 in Stealth
  5127 | D:6      | Found Echome Temip's Antique Weapon Shop.
  5322 | D:6      | Reached XP level 8. HP: 63/63 MP: 14/14
  5459 | D:6      | Found Qurudaus's Distillery.
  5463 | D:6      | Found Odi Mesch's Magic Scroll Shoppe.
  5468 | D:6      | Found Buademus's Armour Shoppe.
  5765 | D:6      | Learned a level 1 spell: Confusing Touch
  6113 | D:6      | Found a glowing golden altar of the Shining One.
  6636 | D:6      | Found a hide-covered altar of Uskayaw.
  6711 | D:6      | Found a burning altar of Makhleb.
  7071 | D:7      | Reached XP level 9. HP: 69/69 MP: 16/16
  7102 | D:7      | Noticed Prince Ribbit
  7137 | D:7      | Reached skill level 5 in Fire Magic
  7177 | D:7      | Found an iron altar of Okawaru.
  7177 | D:7      | Found a sacrificial altar of Ru.
  7209 | D:7      | Noticed Dowan
  7209 | D:7      | Noticed Duvessa
  7384 | D:7      | Killed Duvessa
  7595 | D:7      | Reached skill level 5 in Spellcasting
  8052 | D:7      | Found an opulent altar of Gozag.
  8085 | D:7      | Noticed Menkaure
  8452 | D:7      | Killed Prince Ribbit
  8452 | D:7      | Reached skill level 5 in Dodging
  9080 | D:7      | Killed Dowan
  9370 | D:8      | Noticed a hornet
  9381 | D:7      | Paralysed by a hornet for 3 turns
  9384 | D:7      | HP: 1/71 [poisoned by a hornet]
  9385 | D:7      | Succumbed to a hornet's poison

Vault maps used:
D:1:      zelgadis_glass_arrival_small
D:2:      minmay_misc_feat_alley, minivault_26
D:3:      wander_river, overflow_temple_1_default, lemuel_doored_altar
D:4:      grunt_temple_overflow_champion_of_chaos, grunt_dithmenos_smoke,
          kennysheep_mini, first_ration, grunt_decor_arrowhead
D:5:      kennysheep_mini_moat, minmay_temple_entry_poolview, serial_shops, shop
D:6:      nicolae_overflow_crystal_walls, marbit_many_paths, basic_altar,
          serial_shops, nicolae_shop_stone, shop, shop, nicolae_shop_crystal
D:7:      lemuel_round_altar, gammafunk_temple_overflow_elements, uniq_menkaure,
          uniq_duvessa, uniq_prince_ribbit1
D:8:      serial_ice, serial_ice_d, serial_ice_a, serial_ice_i, serial_ice_n,
          serial_ice_g, serial_ice_c
Temple:   eino_temple_lava

Skill      XL: |  1  2  3  4  5  6  7  8  9 |
---------------+----------------------------+-----
Invocations    | 1 2 3 4 |  4.9
Long Blades    | 1 2 3 4 |  4.4
Axes           | 1 2 3 4 |  4.4
Maces & Flails | 1 2 3 4 |  4.4
Polearms       | 1 2 3 4 |  4.4
Staves         | 1 2 3 4 |  4.4
Slings         | 1 2 3 4 |  4.4
Bows           | 1 2 3 4 |  4.4
Crossbows      | 1 2 3 4 |  4.4
Throwing       | 1 2 3 4 |  4.4
Armour         | 1 2 3 4 |  4.4
Shields        | 1 2 3 4 |  4.4
Unarmed Combat | 1 2 3 4 |  4.4
Evocations     | 1 2 3 4 |  4.4
Spellcasting   | 3 4 5 |  5.3
Conjurations   | 1 2 3 |  3.6
Hexes          | 1 2 3 |  3.6
Charms         | 1 2 3 |  3.6
Summonings     | 1 2 3 |  3.6
Necromancy     | 1 2 3 |  3.6
Translocations | 1 2 3 |  3.6
Transmutations | 1 2 3 |  3.6
Ice Magic      | 1 2 3 |  3.6
Air Magic      | 1 2 3 |  3.6
Earth Magic    | 1 2 3 |  3.6
Poison Magic   | 1 2 3 |  3.6
Dodging        | 3 4 5 |  5.2
Fire Magic     | 4 5 |  5.3
Fighting       | 5 6 |  6.4
Short Blades   | 5 6 |  6.4
Stealth        | 5 6 |  6.1

Action                   |  1- 3 |  4- 6 |  7- 9 || total
-------------------------+-------+-------+-------++-------
Melee: Dagger            |    56 |   164 |   331 ||   551
       Short sword       |     3 |       |     6 ||     9
       Bite              |       |    16 |    55 ||    71
       Punch             |       |     1 |     7 ||     8
       Spear             |       |       |    29 ||    29
       Rapier            |       |       |    18 ||    18
 Fire: Hunting sling     |       |    12 |    57 ||    69
       Blowgun           |       |     1 |     3 ||     4
       Fustibalus        |       |       |     5 ||     5
Throw: Stone             |       |     5 |    11 ||    16
       Tomahawk          |       |       |     1 ||     1
 Cast: Confusing Touch   |       |       |    27 ||    27
Invok: Curse Item        |       |       |     2 ||     2
  Use: Scroll            |       |     6 |     6 ||    12
       Potion            |       |       |     1 ||     1
 Stab: Sleeping          |    10 |     7 |     7 ||    24
       Confused          |       |       |    22 ||    22
       Distracted        |       |       |     1 ||     1
  Eat: Chunk             |     2 |     8 |     9 ||    19
       Ration            |       |       |     2 ||     2
Armor: Robe              |     9 |     5 |       ||    14
       Ring mail         |       |    45 |    92 ||   137
Dodge: Dodged            |    21 |    63 |   195 ||   279

Table legend:
 A = Non-vault XP
 B = Vault XP
 C = Vault XP percentage of total XP
 D = Non-vault monster count
 E = Vault monster count
 F = Vault count percentage of total count
                 A         B        C        D         E       F
            +---------+---------+-------+---------+---------+-------
      Total |    3404 |     573 |  14.4 |     149 |       5 |   3.2
            +---------+---------+-------+---------+---------+-------
        D:1 |      33 |       0 |   0.0 |      18 |       0 |   0.0
        D:2 |      35 |       0 |   0.0 |       9 |       0 |   0.0
        D:3 |     109 |       0 |   0.0 |      26 |       0 |   0.0
        D:4 |     207 |      50 |  19.5 |      12 |       1 |   7.7
        D:5 |     657 |       0 |   0.0 |      17 |       0 |   0.0
        D:6 |    1169 |      37 |   3.1 |      34 |       1 |   2.9
        D:7 |    1191 |     486 |  29.0 |      32 |       3 |   8.6
        D:8 |       3 |       0 |   0.0 |       1 |       0 |   0.0
            +---------+---------+-------+---------+---------+-------
